 Dungeon Crawl Stone Soup version 0.28-a0-1374-ga75cb3825e (webtiles) character file.

Game seed: 10958097768712543146

381 BlueFish the Covert (level 6, -2/47 HPs)
             Began as a Vampire Delver on Dec 31, 2021.
             Slain by an ogre (18 damage)
             ... on level 3 of the Dungeon on Jan 1, 2022.
             The game lasted 00:15:41 (4448 turns).

BlueFish the Covert (Vampire Delver)                Turns: 4448, Time: 00:15:41

Health: -2/47      AC:  3    Str: 11    XL:     6   Next: 46%
Magic:  8/8        EV: 13    Int: 12    God:
Gold:   111        SH:  0    Dex: 18    Spells: 8/8 levels left

rFire   . . .      SeeInvis +   u - +1 rapier
rCold   . . .      Faith    .   (no shield)
rNeg    . . .      Spirit   .   b - +0 leather armour
rPois   .          Reflect  .   (no helmet)
rElec   .          Harm     .   (no cloak)
rCorr   .          Rampage  .   (no gloves)
Will    .....                   (no boots)
Stlth   ++++......              (no amulet)
HPRegen 0.35/turn               (no ring)
MPRegen 0.11/turn               (no ring)

@: healing quickly
A: alive, fangs 3, see invisible, vampiric 2
a: Exsanguinate


You were on level 3 of the Dungeon.
You visited 1 branch of the dungeon, and saw 5 of its levels.

You collected 111 gold pieces.

Inventory:

Hand Weapons
 a - a +0 short sword
 u - a +1 rapier (weapon)
Missiles
 p - 5 boomerangs (quivered)
 s - 4 javelins
 w - a throwing net
Armour
 b - a +0 leather armour (worn)
 m - an orb of energy
Jewellery
 j - an amulet of guardian spirit
Wands
 g - a wand of digging (3)
 i - a wand of iceblast (3)
Scrolls
 c - 3 scrolls of fog
 d - a scroll of magic mapping
 e - a scroll of fear
 t - a scroll of amnesia {unknown}
Potions
 f - a potion of haste
 h - a potion of might
 l - a potion of flight {unknown}
 n - 2 potions of magic
 o - a potion of curing
 q - a potion of heal wounds
 r - 2 potions of berserk rage
 v - 2 potions of ambrosia


   Skills:
 + Level 3.5 Fighting
 + Level 3.3 Short Blades
 + Level 1.2 Throwing
 + Level 1.5 Armour
 + Level 3.2 Dodging
 + Level 8.2 Stealth
 + Level 1.7 Spellcasting
 + Level 1.8 Evocations


You had 8 spell levels left.
You didn't know any spells.
Your spell library contained the following spells:

 Spells                   Type           Power      Damage    Failure   Level
 Dazzling Flash           Conj/Hex       2%         N/A       73%         3
 Iskenderun's Mystic Bla  Conj/Tloc      1%         2d3       98%         4
 Starburst                Conj/Fire      0%         6d3       100%        6


Dungeon Overview and Level Annotations

Branches:
Dungeon (5/15)
 Temple: D:4-7

Altars:
Ashenzari


Innate Abilities, Weirdness & Mutations

Your natural rate of healing is accelerated.
You have razor-sharp teeth.
You have supernaturally acute eyesight. (SInv)
You are afflicted with vampirism and can become a bat while bloodless.


Message History

The howler monkey howls!
Throw: 5 boomerangs
Press: ? - help, Q - select action, (/) - cycle Shift-Dir - straight line, f - ogre
Aim: an ogre, wielding a +0 giant club (wandering, hasn't noticed you, 76% to hit)
You throw a boomerang. The boomerang hits the ogre.
The ogre is lightly wounded.
Throw: 5 boomerangs
Press: ? - help, Q - select action, (/) - cycle Shift-Dir - straight line, f/p - ogre
Aim: an ogre, wielding a +0 giant club (lightly wounded, 76% to hit)
You throw a boomerang. The boomerang hits the ogre.
The ogre is moderately wounded.
Throw: 5 boomerangs
Press: ? - help, Q - select action, (/) - cycle Shift-Dir - straight line, f/p - ogre
Aim: an ogre, wielding a +0 giant club (moderately wounded, 76% to hit)
You throw a boomerang. The orc wizard shouts!
The boomerang hits the ogre.
The ogre is heavily wounded.
You hear a shout! x2
The jackal stops to sniff the ground.
Throw: 5 boomerangs
Press: ? - help, Q - select action, (/) - cycle Shift-Dir - straight line, f/p - ogre
Aim: an ogre, wielding a +0 giant club (heavily wounded, 76% to hit)
You throw a boomerang. The boomerang barely misses the ogre.
The hound barks!
You hit the ogre. Your bite misses the ogre.
The ogre is heavily wounded.
The ogre hits you with a +0 giant club!
You hit the ogre. You bite the ogre.
The ogre is severely wounded.
The ogre misses you.
You hit the ogre.
The ogre is almost dead.
The ogre hits you with a +0 giant club!
You hit the ogre but do no damage.
The ogre is almost dead.
You hit the ogre.
The ogre is almost dead.
The ogre hits you with a +0 giant club!!
You die...

.#.#.........# ............#
.#.##.#......# ###########.#
.#.##.#....#.# #.# .#.##.#.#.##.#
#.# .#........##)# #.#
.##.#.######.# ###.#### .##.#.#
#.# #.......
.##.#.######.#############.#.#.##
........#.....P.@Oh..........)...
###.#.###....≈≈≈≈≈≈≈≈≈≈≈≈≈≈≈≈≈≈≈.
###.#.# #....)≈≈≈≈≈≈≈≈≈≈≈≈≈≈≈≈≈≈(
....#.# #....≈≈#####)≈≈≈≈)≈)≈≈≈≈.
#####.# #..).≈≈#ghh#...)).((h()(.
#.###....≈≈#oog#############(
#...#...P≈≈###'# #.
#####....≈≈≈.#.. #.
#########....≈≈≈.# #.


You could see an ogre, a howler monkey, a hound, a gnoll, an orc and a jackal.

Vanquished Creatures
  2 howler monkeys (D:3)
  A hound (D:3)
  An iguana (D:3)
  12 gnolls
  3 adders
  An ufetubus (D:3)
  A worm (D:2)
  2 dart slugs (D:2)
  9 orcs (D:3)
  2 bats
  2 endoplasms
  3 giant cockroaches
  3 goblins
  9 hobgoblins
  16 jackals
  4 kobolds
  5 quokkas
  5 ball pythons
  6 rats
87 creatures vanquished.

Vanquished Creatures (others)
  A plant (D:3)
1 creature vanquished.

Grand Total: 88 creatures vanquished

Notes
Turn   | Place    | Note
-------+----------+-------------------------------------------
     0 | D:5      | BlueFish the Vampire Delver began the quest for the Orb.
     0 | D:5      | Reached XP level 1. HP: 17/17 MP: 1/1
   202 | D:3      | Reached XP level 2. HP: 23/23 MP: 2/2
   470 | D:2      | Gained mutation: You are afflicted with vampirism and can
                  | become a bat while bloodless. [Vampire growth]
   470 | D:2      | Reached XP level 3. HP: 28/28 MP: 3/3
   947 | D:1      | Found a faded altar of an unknown god.
  1768 | D:2      | Reached skill level 1 in Evocations
  1768 | D:2      | Reached XP level 4. HP: 35/35 MP: 5/5
  1795 | D:2      | Found a broken altar of Ashenzari.
  1803 | D:2      | Reached skill level 1 in Spellcasting
  2869 | D:3      | Reached skill level 1 in Armour
  3344 | D:2      | Reached XP level 5. HP: 24/41 MP: 6/6
  3649 | D:3      | Reached skill level 1 in Throwing
  3649 | D:3      | Reached skill level 8 in Stealth
  3735 | D:3      | Reached XP level 6. HP: 45/47 MP: 8/8
  3861 | D:3      | HP: 2/47 [ogre (17)]
  4448 | D:3      | Slain by an ogre

Illustrated notes

Levels and vault maps discovered:
D:1:      dpeg_arrival_water_fire, layout_loops_corners,
          shapermc_ecumenical_altar_hornbeckon, chequers_arboretum
D:2:      layout_loops_ring, basic_altar, minmay_hexomino_f4
D:3:      lemuel_castle_with_subvaults [lemuel_castle_interior_carwin_2],
          layout_loops_ring, minmay_statues_item, nrook_mini_backslash
D:4:      layout_basic, minitemple, minmay_temple_entry_grid,
          minmay_misc_feat_pillars, minmay_misc_feat_tiny,
          hangedman_feature_mirror
D:5:      layout_cave_pools, mainiacjoe_overflow_catwalk, minmay_puff,
          uniq_menkaure

Skill      XL: |  1  2  3  4  5 |
---------------+----------------+-----
Fighting       | 3 |  3.5
Evocations     | 1 |  1.8
Spellcasting   | 1 |  1.7
Armour         | 1 |  1.5
Short Blades   | 3 |  3.3
Dodging        | 3 |  3.2
Throwing       | 1 |  1.2
Stealth        | 8 |  8.2

Action                   |  1- 3 |  4- 6 || total
-------------------------+-------+-------++-------
Melee: Short sword       |   110 |    52 ||   162
       Bite              |     9 |    14 ||    23
       Rapier            |       |   124 ||   124
Throw: Dart              |       |    64 ||    64
       Boomerang         |       |     4 ||     4
  Use: Scroll            |       |     9 ||     9
 Stab: Sleeping          |    17 |     7 ||    24
Armor: Leather armour    |    23 |    34 ||    57
Dodge: Dodged            |    59 |   121 ||   180

Table legend: (Time is in decaauts)
 A = Elapsed time spent in this place.
 B = Non-inter-level travel time spent in this place.
 C = Inter-level travel time spent in this place.
 D = Time resting spent in this place.
 E = Time spent auto-exploring this place.
 F = Levels seen in this place.
 G = Mean time per level.
                   A        B        C        D        E       F      G
               +--------+--------+--------+--------+--------+-----+--------+
         Total |   4473 |   4167 |    306 |      0 |   2866 |   5 |  894.6 |
       Dungeon |   4473 |   4167 |    306 |      0 |   2866 |   5 |  894.6 |
               +--------+--------+--------+--------+--------+-----+--------+

Top non-repeatable levels by time:
     D:3: 1662 daAuts
     D:2: 1441 daAuts
     D:1: 1312 daAuts
     D:5: 49 daAuts
     D:4: 7 daAuts
